 Dungeon Crawl Stone Soup version 0.28-a0-407-g69098e2f6d (webtiles) character file.

Game seed: 692147658333076543

21610 Demosthentine the Impaler (level 12, -2/100 HPs)
             Began as a Merfolk Gladiator on Sept 6, 2021.
             Was the Champion of the Shining One.
             Slain by a death knight (18 damage)
             ... on level 12 of the Dungeon.
             The game lasted 00:18:33 (21701 turns).

Demosthentine the Impaler (Merfolk Gladiator)      Turns: 21701, Time: 00:18:34

Health: -2/100     AC: 11    Str: 16    XL:     12   Next: 91%
Magic:  17/17      EV: 20    Int: 13    God:    the Shining One [******]
Gold:   1715       SH: 13    Dex: 19    Spells: 11/11 levels left

rFire   . . .      SeeInvis .   a - +1 trident (venom)
rCold   . . .      Faith    .   K - +2 buckler
rNeg    + + +      Spirit   .   b - +0 leather armour
rPois   .          Reflect  +   c - +0 helmet
rElec   .          Harm     .   j - +1 cloak
rCorr   .          Rampage  .   x - +0 pair of gloves
Will    .....                   C - +0 pair of boots
Stlth   +.........              u - amulet of reflection
HPRegen 0.26/turn               I - +6 ring of intelligence
MPRegen 0.15/turn               (no ring)

@: glowing, studying 2 skills
A: (nimble swimmer 2), mertail
a: Renounce Religion, Divine Shield, Cleansing Flame, Summon Divine Warrior,
Brand Weapon With Holy Wrath


You were on level 12 of the Dungeon.
You worshipped the Shining One.
The Shining One was exalted by your worship.
You visited 2 branches of the dungeon, and saw 15 of its levels.
You also visited: Ossuary.

You collected 1943 gold pieces.
You spent 228 gold pieces at shops.

Inventory:

Hand Weapons
 a - a +1 trident of venom (weapon)
Missiles
 d - 5 throwing nets (quivered)
Armour
 b - a +0 leather armour (worn)
 c - a +0 helmet (worn)
 j - a +1 cloak (worn)
 x - a +0 pair of gloves (worn)
 C - a +0 pair of boots (worn)
 K - a +2 buckler (worn)
Jewellery
 u - an amulet of reflection (around neck)
 I - a +6 ring of intelligence (left hand)
Wands
 h - a wand of paralysis (16)
 p - a wand of acid (10)
 F - a wand of iceblast (17)
 H - a wand of mindburst (8)
Scrolls
 m - 2 scrolls of fog
 q - 6 scrolls of teleportation
 r - a scroll of fear
 t - 4 scrolls of enchant armour
 B - 2 scrolls of amnesia
 D - 2 scrolls of magic mapping
 E - 8 scrolls of identify
 G - a scroll of enchant weapon
Potions
 e - 3 potions of ambrosia
 f - 2 potions of lignification
 g - a potion of haste
 i - 2 potions of resistance
 k - 5 potions of flight
 l - 4 potions of cancellation
 n - 4 potions of attraction
 o - 4 potions of mutation
 s - a potion of magic
 v - a potion of berserk rage
 w - 5 potions of curing
 z - 2 potions of brilliance
 A - 2 potions of might


   Skills:
 + Level 11.0 Fighting
 + Level 16.3 Polearms
 - Level 2.0 Throwing
 + Level 9.6 Armour
 + Level 13.0 Dodging
 - Level 4.0 Shields
 + Level 7.2 Invocations


You had 11 spell levels left.
You didn't know any spells.
Your spell library was empty.

Dungeon Overview and Level Annotations

Branches:
Dungeon (14/15)            Temple (1/1) D:7            Lair (0/6) D:10
    Orc (0/2) D:9         Ossuary (visited)
 Vaults: D:13-14

Altars:
Ashenzari
Dithmenos
Gozag
Kikubaaqudgha
Nemelex Xobeh
Ru
Trog
Uskayaw
Zin
The Shining One

Shops:
D:12 *   D:14 *

Annotations:
D:8 2 transporters, ew1980's ghost, novice DsFi
D:14 3 runed translucent doors, Kedghoxa's ghost, journeyman DEIE


Innate Abilities, Weirdness & Mutations

((You are quick and stealthy near water. (Stealth+, EV+, Speed+++)))
Your lower body shifts to a powerful aquatic tail in water.


Message History

You block the death knight's attack.
The death knight reflects your damage back at you!
Unknown command.
The death knight reflects your damage back at you!
Unknown command.
The death knight's dark mirror aura disappears.
The death knight calls down the wrath of Yredelemnul upon you.
You struggle to resist.
The death knight reflects your damage back at you!
Unknown command.
Unknown command.
Reach: a) +1 trident (venom)
Press: ? - help, Dir - move target, f - death knight
Aim: a death knight, wielding a +2 broad axe and wearing a +0 chain mail (severely wounded, extremely poisoned, haloed, about 15% to evade your +1 trident of venom)
You reach to attack!
You barely miss the death knight.
The death knight is severely wounded.
You hit the death knight but do no damage.
The death knight looks as sick as possible!
The death knight is heavily wounded.
You barely miss the death knight.
The death knight is severely wounded.
The death knight hits you with a +2 broad axe!!
* * * LOW HITPOINT WARNING * * *
You puncture the death knight!
The death knight is severely wounded.
You barely miss the death knight.
The death knight is severely wounded.
You block the death knight's attack.
Unknown command.
You completely miss the death knight.
The death knight is severely wounded.
The death knight hits you with a +2 broad axe!
* * * LOW HITPOINT WARNING * * *
You puncture the death knight!
The death knight is almost dead.
Unknown command.
You hit the death knight.
The death knight is almost dead.
The death knight hits you with a +2 broad axe!!
You die...

........'....'...#.....#....)...#
........#....#...#.....#.....○h○R
...######....#.####'#####..###°.#
####.....#######.>.....##..######
...#.....# #....<.((....)<..#
...#.....# #.......#).......#
####.....# #####..^....#+######.#
.#....######..#.p.........# ###
.'....# #...+.@.........# .#....#
#8..#...........#
##....#####...............#######
.........8<∩.8.###'######........
.........##.###.....#...'........
.......)...8# #.....#...#........
.........#..# ###'###.###........
###....###### ##..###.######....#
#....# #...#........#....#


You could see a death knight (extremely poisoned).

Vanquished Creatures
  Azrael (D:12)
  A tengu warrior (D:12)
  A wizard (D:14)
  4 cyclopes
  2 manticores
  2 gargoyles
  3 yaktaurs (D:12)
  An unseen horror (D:12)
  2 tengu conjurers (D:12)
  3 trolls
  A hornet (D:8)
  2 meliai zombies (D:12)
  3 vampires
  A shadow (D:10)
  A centaur simulacrum (D:12)
  15 yaks
  2 wraiths
  4 fire elementals (D:11)
  Eustachio (D:5)
  2 basilisks
  4 vampire mosquitoes (D:8)
  2 wargs (D:10)
  3 acid dragons
  3 water moccasins
  4 hell hounds (D:11)
  2 sky beasts
  9 orc warriors
  A tengu (shapeshifter) (D:14)
  7 ogres
  17 centaurs
  2 phantoms
  An elf zombie (Ossuary)
  4 kobold brigands (D:9)
  A bullfrog (D:8)
  2 scorpions
  6 gnoll sergeants (D:9)
  2 water moccasin zombies
  A water moccasin skeleton (D:4)
  17 killer bees
  15 wights
  A howler monkey (D:6)
  9 centaur zombies
  A bullfrog zombie (D:5)
  Crazy Yiuf (D:3)
  2 bullfrog skeletons
  3 hounds
  2 human zombies (Ossuary)
  2 centaur skeletons
  2 gnoll shamans (D:9)
  7 orc priests
  4 iguanas
  5 orc wizards
  3 mummies (Ossuary)
  2 hound skeletons
  4 howler monkey zombies
  23 gnolls
  10 adders
  A shadow imp (D:6)
  A white imp (D:7)
  4 adder zombies (Ossuary)
  2 worms (D:3)
  7 dart slugs
  27 orcs
  4 ball pythons
  5 endoplasms
  4 giant cockroaches
  2 gnoll zombies (Ossuary)
  41 goblins
  26 hobgoblins
  16 jackals
  5 quokkas
  8 bats
  3 frilled lizards
  7 goblin zombies (Ossuary)
  2 jackal zombies (Ossuary)
  21 kobolds
  6 kobold zombies (Ossuary)
  An orc zombie (Ossuary)
  3 quokka zombies (Ossuary)
  7 rats
  2 rat zombies (Ossuary)
441 creatures vanquished.

Vanquished Creatures (others)
  A kobold (D:9)
1 creature vanquished.

Grand Total: 442 creatures vanquished

Notes
Turn   | Place    | Note
-------+----------+-------------------------------------------
     0 | D:1      | Demosthentine the Merfolk Gladiator began the quest for the
                  | Orb.
     0 | D:1      | Reached XP level 1. HP: 16/16 MP: 1/1
    71 | D:1      | Reached XP level 2. HP: 23/23 MP: 2/2
   314 | D:1      | Reached XP level 3. HP: 15/28 MP: 3/3
   969 | D:2      | Reached skill level 5 in Polearms
   985 | D:2      | You fall into a shaft and drop 2 floors!
   997 | D:4      | Reached skill level 1 in Armour
  1184 | D:4      | Reached XP level 4. HP: 16/35 MP: 4/4
  1698 | D:3      | Reached skill level 5 in Dodging
  1698 | D:3      | Reached XP level 5. HP: 39/41 MP: 5/5
  2511 | D:2      | Found a faded altar of an unknown god.
  3041 | D:3      | Reached skill level 6 in Polearms
  3041 | D:3      | Reached XP level 6. HP: 46/48 MP: 6/6
  3615 | D:3      | Found a runed translucent door.
  3616 | D:3      | Noticed Crazy Yiuf
  5321 | D:3      | Killed Crazy Yiuf
  5593 | D:4      | Reached XP level 7. HP: 35/55 MP: 7/7
  5857 | D:4      | Reached skill level 7 in Polearms
  6339 | D:4      | Reached skill level 5 in Fighting
  6399 | D:4      | Found an opulent altar of Gozag.
  6399 | D:4      | Found a sacrificial altar of Ru.
  6528 | D:5      | Entered Level 5 of the Dungeon
  6621 | D:5      | Reached XP level 8. HP: 51/62 MP: 8/8
  6704 | D:5      | Noticed Eustachio
  6732 | D:5      | Killed Eustachio
  6964 | D:5      | Reached skill level 8 in Polearms
  8214 | D:6      | Reached skill level 9 in Polearms
  8349 | D:6      | Reached XP level 9. HP: 50/71 MP: 9/9
  8889 | D:6      | Found a shadowy altar of Dithmenos.
  9244 | D:5      | Reached skill level 1 in Shields
  9722 | D:6      | Found a sparkling altar of Nemelex Xobeh.
 10152 | D:7      | Found a staircase to the Ecumenical Temple.
 10182 | Temple   | Entered the Ecumenical Temple
 10193 | Temple   | Became a worshipper of the Shining One
 10242 | D:7      | Found a sand-covered staircase.
 10254 | Ossuary  | Entered an ossuary
 10289 | Ossuary  | Reached * piety under the Shining One
 10470 | Ossuary  | Reached ** piety under the Shining One
 10576 | Ossuary  | Reached *** piety under the Shining One
 10577 | Ossuary  | Reached skill level 10 in Polearms
 11206 | D:7      | Identified 2 scrolls of acquirement
 11206 | D:7      | Acquired 1058 gold pieces
 11208 | D:7      | Acquired a manual of Armour
 11315 | D:8      | Noticed a hornet
 11320 | D:8      | Killed a hornet
 11321 | D:8      | Reached skill level 5 in Armour
 11635 | D:8      | Found a transporter.
 11639 | D:8      | Noticed ew1980's ghost (novice DsFi)
 11773 | D:8      | Reached XP level 10. HP: 73/79 MP: 10/10
 12147 | D:8      | Reached **** piety under the Shining One
 12199 | D:8      | Reached skill level 10 in Dodging
 12642 | D:8      | Found a transporter.
 13015 | D:8      | Reached skill level 11 in Polearms
 13171 | D:8      | Acquired a manual of Polearms
 13449 | D:9      | Reached skill level 1 in Invocations
 13901 | D:9      | Reached ***** piety under the Shining One
 14178 | D:9      | Found a staircase to the Orcish Mines.
 14195 | D:9      | Reached skill level 12 in Polearms
 14214 | D:9      | Reached XP level 11. HP: 39/87 MP: 11/13
 15060 | D:10     | Entered Level 10 of the Dungeon
 15460 | D:10     | Reached skill level 13 in Polearms
 15534 | D:10     | Found a staircase to the Lair.
 16742 | D:11     | You fall into a shaft and drop 3 floors!
 16745 | D:14     | Noticed a cyclops
 16750 | D:14     | Killed a cyclops
 16751 | D:14     | Reached skill level 14 in Polearms
 16803 | D:14     | Reached skill level 5 in Invocations
 16905 | D:14     | Noticed a wizard
 16911 | D:14     | Killed a wizard
 16911 | D:14     | Noticed a manticore
 16922 | D:14     | Killed a manticore
 16927 | D:14     | Found a runed translucent gate.
 16927 | D:14     | Found a runed translucent gate.
 16927 | D:14     | Found a runed translucent gate.
 16929 | D:14     | Found an opulent altar of Gozag.
 16930 | D:14     | Noticed a boulder beetle
 17145 | D:14     | Reached skill level 10 in Fighting
 17158 | D:14     | Noticed a cyclops
 17167 | D:14     | Killed a cyclops
 17168 | D:14     | Reached XP level 12. HP: 77/97 MP: 16/16
 17265 | D:14     | Found Onut's Assorted Antiques.
 17265 | D:14     | Noticed a centaur warrior
 17265 | D:14     | Noticed a yaktaur captain
 17265 | D:14     | Noticed an eight-headed hydra
 17265 | D:14     | Noticed Kedghoxa's ghost (journeyman DEIE)
 17266 | D:14     | Noticed a yaktaur captain
 17266 | D:14     | Noticed a catoblepas
 17660 | D:11     | Reached skill level 15 in Polearms
 18036 | D:12     | Found Teomur's Assorted Antiques.
 18046 | D:12     | Bought a scroll labelled CYGOGE HIDIA for 24 gold pieces
 18046 | D:12     | Bought a scroll of magic mapping for 84 gold pieces
 18046 | D:12     | Bought a scroll of identify for 48 gold pieces
 18046 | D:12     | Bought a potion of curing for 72 gold pieces
 18724 | D:12     | Noticed Azrael
 20054 | D:12     | Killed Azrael
 20270 | D:12     | Reached skill level 16 in Polearms
 20685 | D:12     | Noticed a tengu warrior
 20705 | D:12     | Killed a tengu warrior
 21675 | D:13     | Noticed a death knight
 21676 | D:13     | Reached ****** piety under the Shining One
 21701 | D:12     | Slain by a death knight

Illustrated notes

Levels and vault maps discovered:
D:1:      wheals_arrival_shading, layout_loops_cross
D:2:      layout_rooms, hellmonk_ecumenical_altar_inner_sanctum, minmay_cupped
D:3:      minmay_goblin_kobold_castle, layout_basic, minmay_door_square,
          lightli_corner_chamber, uniq_crazy_yiuf_cottage
D:4:      layout_rooms, mainiacjoe_overflow_divided_tiny
D:5:      layout_basic, uniq_eustachio
D:6:      layout_cave_pools, mainiacjoe_overflow_chevrons, lemuel_doored_altar
D:7:      layout_loops_corners, minmay_temple_entry_crystal_x, enter_ossuary_1,
          grunt_ministairs_8
D:8:      layout_basic, gammafunk_ghost_stat_death
D:9:      layout_stronghold, kennysheep_orc_monster_closet_entryway
D:10:     layout_irregular_city, erik_lair_orcish_takeover, centaur_isle
D:11:     layout_roguey
D:12:     layout_gridville, serial_shops, nicolae_shop_statue_plus,
          hangedman_weighted_door, uniq_azrael
D:13:     minmay_cornered_nines, layout_cave_pools
D:14:     layout_cave_pods, david_vaults_4, ebering_ghost_gozag
Temple:   regret_index_temple_mists

Skill      XL: |  1  2  3  4  5  6  7  8  9 10 11 12 |
---------------+-------------------------------------+-----
Polearms       | 5 6 7 9 10 12 14 16 | 16.3
Armour         | 1 2 3 4 5 6 8 9 |  9.6
Fighting       | 3 4 5 6 7 8 10 11 | 11.0
Dodging        | 5 6 8 9 10 12 13 | 13.0
Shields        | 2 4 |  4.0
Invocations    | 2 5 7 |  7.2
Throwing       | |  2.0

Action                   |  1- 3 |  4- 6 |  7- 9 | 10-12 || total
-------------------------+-------+-------+-------+-------++-------
Melee: Trident           |   130 |   421 |   602 |  1008 ||  2161
       Tailslap          |       |     4 |       |     3 ||     7
Throw: Throwing net      |       |     2 |     1 |     1 ||     4
  Use: Scroll            |     3 |     9 |    16 |     3 ||    31
       Potion            |       |       |       |     3 ||     3
 Stab: Sleeping          |     4 |     2 |       |       ||     6
       Distracted        |       |     1 |       |       ||     1
       Held in net/web   |       |     2 |       |       ||     2
Armor: Leather armour    |    27 |    96 |   108 |   104 ||   335
Dodge: Dodged            |    85 |   308 |   346 |   465 ||  1204
Block: Buckler           |       |       |       |   388 ||   388
       Other             |       |       |       |    18 ||    18
       Reflection        |       |       |       |    37 ||    37

Table legend: (Time is in decaauts)
 A = Elapsed time spent in this place.
 B = Non-inter-level travel time spent in this place.
 C = Inter-level travel time spent in this place.
 D = Time resting spent in this place.
 E = Time spent auto-exploring this place.
 F = Levels seen in this place.
 G = Mean time per level.
                   A        B        C        D        E       F      G
               +--------+--------+--------+--------+--------+-----+--------+
         Total |  21203 |  20836 |    367 |   2105 |  15478 |  16 | 1325.2 |
       Dungeon |  20829 |  20462 |    367 |   2105 |  15282 |  14 | 1487.8 |
        Temple |     16 |     16 |      0 |      0 |      0 |   1 |   16.0 |
       Ossuary |    357 |    357 |      0 |      0 |    196 |   1 |  357.0 |
               +--------+--------+--------+--------+--------+-----+--------+

Top non-repeatable levels by time:
     D:3: 3098 daAuts
     D:8: 2368 daAuts
    D:11: 2185 daAuts
    D:12: 2183 daAuts
     D:5: 1795 daAuts
     D:4: 1616 daAuts
     D:6: 1487 daAuts
    D:10: 1416 daAuts
     D:9: 1332 daAuts
     D:7: 993 daAuts
     D:1: 969 daAuts
     D:2: 781 daAuts
    D:14: 547 daAuts
 Ossuary: 357 daAuts
    D:13: 52 daAuts
